Map: Simulacrum LE

Players

ViBE - Winner!

  • Race: Zerg Zerg
  • League: Master
  • Spawn Location: 5:00

Fender

  • Race: Protoss Protoss
  • League: Master
  • Spawn Location: 11:00

VOD

Have the link to the VOD?

Description

Time

  • Played on: Dec. 26, 2019, 5:27 a.m.
  • Length: 4:51
Show
View Real Time Build Order
Export as new Build Order

ViBE Zerg - Winner!

Build Orders: Hatch First 

Get SALT Encoding   

  12  0:00  Drone  
  13  0:13  Overlord  
  13  0:18  Drone  
  14  0:31  Drone x2  
  16  0:49  Hatchery  
  15  0:54  Drone  
  15  0:55  Drone  
  17  1:03  Drone  
  18  1:16  Spawning Pool  
  18  1:17  Extractor  
  18  1:18  Drone  
  17  1:23  Drone  
  18  1:31  Drone  
  19  1:48  Overlord  
  19  1:59  Drone  
  20  2:03  Drone  
  20  2:04  Drone  
  22  2:08  Queen x2  
  26  2:21  Drone  
  26  2:22  Overlord  
  27  2:25  Drone x2  
  29  2:34  Drone  
  29  2:35  Drone  
  31  2:39  Roach Warren  
  31  2:44  Metabolic Boost  
  30  2:48  Drone  
  30  2:49  Drone  
  32  2:54  Drone  
  33  3:07  Hatchery  
  32  3:15  Spore Crawler  
  32  3:21  Roach x6  
  44  3:27  Overlord  
  44  3:32  Overlord  
  44  3:34  Overlord  
  44  3:43  Overlord x2  
  44  3:47  Roach  
  46  3:49  Roach  
  46  3:53  Roach  
  46  3:55  Roach  
  52  4:02  Queen  
  54  4:07  Zergling x4  
  54  4:08  Zergling x2  
  57  4:12  Zergling x4  
  57  4:14  Zergling x2  
  60  4:19  Zergling x4  
  62  4:27  Zergling x2  
  62  4:29  Zergling x4  
  65  4:32  Zergling x6  
  65  4:33  Zergling x2  
Show
View Real Time Build Order
Export as new Build Order

Fender Protoss 

Build Orders: 1 Gate Expand, Phoenix Opening 

Get SALT Encoding   

  12  0:01  Probe  
  13  0:13  Probe  
  14  0:20  Pylon  
  14  0:25  Probe  
  15  0:39  Gateway, Probe (Chrono Boost)  
  17  0:51  Probe (Chrono Boost)  
  17  0:52  Assimilator  
  17  0:56  Probe (Chrono Boost)  
  18  1:06  Probe  
  19  1:18  Probe  
  20  1:28  Nexus  
  20  1:39  Cybernetics Core  
  20  1:46  Assimilator  
  20  1:53  Pylon  
  20  1:54  Probe (Chrono Boost)  
  21  2:03  Probe (Chrono Boost)  
  22  2:08  Probe (Chrono Boost)  
  22  2:14  Adept (Chrono Boost)  
  23  2:20  Probe  
  26  2:30  Stargate  
  26  2:33  Warp Gate  
  27  2:38  Probe (Chrono Boost)  
  27  2:39  Adept  
  27  2:43  Probe (Chrono Boost)  
  31  2:54  Probe x2 (Chrono Boost)  
  32  2:59  Probe (Chrono Boost)  
  32  3:01  Probe  
  34  3:10  Probe  
  35  3:13  Probe  
  36  3:21  Phoenix (Chrono Boost)  
  36  3:22  Probe  
  36  3:23  Adept  
  36  3:25  Probe  
  42  3:30  Twilight Council  
  42  3:34  Probe  
  42  3:37  Probe  
  42  3:40  Pylon  
  44  3:43  Phoenix  
  44  3:45  Pylon  
  46  3:58  Gateway, Probe (Chrono Boost)  
  46  3:59  Gateway  
  46  4:00  Assimilator, Probe (Chrono Boost)  
  48  4:05  Assimilator  
  49  4:10  Probe (Chrono Boost)  
  49  4:24  Probe x2  
  49  4:25  Robotics Facility  
  51  4:36  Probe  
  51  4:37  Probe  
  51  4:38  Forge  
  53  4:40  Gateway  
  53  4:42  Gateway  
  53  4:44  Pylon  
Tags
 
Add a new tag
Caveats
  • Supply blocks, unpowered buildings, or Contaminate may cause inaccurate times.
  • Supply counts are checked every 10 seconds.